[Event "Late-Titled-Tuesday-Blitz-August-29-2023"]
[Site "Chess.com"]
[Date "2023.08.29"]
[Round "2"]
[White "Ramosha"]
[Black "platy3"]
[Result "1-0"]
[WhiteElo "2608"]
[BlackElo "2912"]
[TimeControl "180+1"]
[EndTime "14:20:20 PDT"]
[Termination "Ramosha won by resignation"]

1. e4 e5 2. Nf3 Nc6 3. Nc3 Nf6 4. h3 Bb4 5. Bc4 O-O 6. O-O Bxc3 7. dxc3 h6 8. Qd3 d6 9. Bb3 Be6 10. Be3 Qd7 11.
Rad1 Rad8 12. c4 b6 13. c3 Ne7 14. Bc2 Ng6 15. b3 Nh5 16. Rfe1 Nhf4 17. Bxf4 Nxf4 18. Qe3 Qe7 19. Nh2 Qg5 20. Qg3 Qxg3 21. fxg3 Nh5 22. g4 Nf6 23. Nf3 Nd7 24. a4 Nc5 25. b4 Nd7 26.
Bd3 a5 27. Ra1 Ra8 28. Re2 Ra7 29. Rea2 Rfa8 30. Ra3 Nb8 31. Nd2 Nc6 32. b5 Nb8 33.
Bc2 Nd7 34. Rb3 Nc5 35. Rb2 g6 36. Rf1 Kg7 37. Kh2 f6 38. Rf2 Rf8 39. Rb1 Rf7 40.
Rbf1 Ra8 41. Kg3 Rc8 42. Rb1 Rh8 43. Rbf1 h5 44. gxh5 Rxh5 45. Bd1 Rh8 46. Kh2 f5 47. exf5 gxf5 48. Rf3 Rhf8 49. Rg3+ Kf6 50. Bc2 Ke7 51. Rg5 Rf6 52. Re1 Rg8 53. Rxg8 Bxg8 54. Re2 Be6 55. Re3 Rh6 56. Rg3 Kf6 57. Rf3 Rh4 58. Bxf5 Bxf5 59. g4 Nxa4 60. Rxf5+ Ke7 61. Ne4 Nb2 62. Ng5 a4 63. Rf7+ Ke8 64. Rxc7 a3 65. Nf7 Nxc4 66.
Rxc4 Kxf7 67. Ra4 Ke6 68. Rxa3 Kd5 69. Kg3 Rh8 70. h4 e4 71. g5 Ke5 72. Kg4 d5 73. h5 e3 74. Ra1 Rf8 75. h6 Rf4+ 76. Kh5 Kf5 77. h7 Rf2 78. Rh1 e2 79. h8=Q e1=Q 80.
Qh7+ Kf4 81. Rxe1 1-0

[Event "Late-Titled-Tuesday-Blitz-August-29-2023"]
[Site "Chess.com"]
[Date "2023.08.29"]
[Round "2"]
[White "vincentmasuka"]
[Black "Fandorine"]
[Result "1/2-1/2"]
[WhiteElo "2615"]
[BlackElo "2928"]
[TimeControl "180+1"]
[EndTime "14:20:25 PDT"]
[Termination "Game drawn by agreement"]

1. c4 e5 2. g3 d5 3. cxd5 Qxd5 4. Nf3 Nc6 5. Nc3 Qd8 6. Bg2 Nf6 7. O-O h6 8. b4 e4 9. Ne1 Bxb4 10. Nxe4 Nxe4 11.
Bxe4 Qe7 12. Bg2 O-O 13. Bb2 Bg4 14. Nf3 Rad8 15. Qb3 Rfe8 16. Rfe1 Be6 17. Qa4 a6 18. Rab1 Bd5 19. e4 Bc4 20. Bc3 Bxc3 21. dxc3 Bb5 22. Qb3 Ne5 23. Nd4 Bd3 24. Rbd1 c5 25. Nf5 Qc7 26. h3 b5 27. f4 Bc4 28. Qc2 Nd3 29.
Re3 Nxf4 30. gxf4 Qxf4 31. Rde1 g6 32. Rf3 Qd2 33. Qxd2 Rxd2 34. Nxh6+ Kg7 35. Ng4 Bxa2 36. e5 b4 37. cxb4 cxb4 38. Re4 a5 39. Nf6 Rc8 40.
Rh4 Rh8 41. Rxh8 Kxh8 42. Rf4 g5 43. Rf5 Bb1 44. Rxg5 Bg6 45. e6 Re2 46. exf7 Bxf7 47. Rxa5 b3 48. Rb5 b2 49. Kh2 Kg7 50. Ng4 Bd5 51.
Rxb2 Rxb2 52. Ne3 Be4 53. Kg3 Bg6 54. Ng4 Rb3+ 55. Bf3 Be4 56. Nh2 Kf6 57. Kf4 Bf5 58. Kg3 Be6 59. Ng4+ Ke7 60. Nh2 Kd6 61. h4 Ke5 62. h5 Bd5 63. Ng4+ Kf5 64. Nh2 Kg5 65. Kg2 Bxf3+ 66. Nxf3+ Kxh5 67. Kg3 Kg6 68. Kf4 Kf6 69.
Ke4 Ra3 70. Nd4 Rh3 71. Kd5 Rh5+ 72. Ke4 Rh1 73. Kd5 Re1 74. Kd6 Rd1 75. Kd5 Rd2 76.
Ke4 Rh2 77. Kd5 Ke7 78. Ke5 Rh5+ 79. Nf5+ Kd7 80. Kf4 Rh1 81. Ke5 Re1+ 82. Kd5 Re2 83. Nd4 Re8 84. Nf5 Ra8 85. Nd4 Ra5+ 86. Ke4 Kd6 87.
Nf5+ Ke6 88. Nd4+ Kf6 89. Kd3 Rc5 90. Ke4 Rc8 91. Nf3 Re8+ 92. Kf4 Re6 93. Nd4 Re1 94. Nf3 Ra1 95. Nd4 Ra3 96. Ke4 Rh3 97. Kd5 Rh5+ 1/2-1/2

[Event "Late-Titled-Tuesday-Blitz-August-29-2023"]
[Site "Chess.com"]
[Date "2023.08.29"]
[Round "3"]
[White "hsd2016"]
[Black "GiorgianBarbosa"]
[Result "0-1"]
[WhiteElo "2268"]
[BlackElo "2425"]
[TimeControl "180+1"]
[EndTime "14:22:51 PDT"]
[Termination "GiorgianBarbosa won by resignation"]

1. e4 c6 2. Nf3 d5 3. Nc3 dxe4 4. Nxe4 Nf6 5. Qe2 Bf5 6. Nxf6+ gxf6 7. d3 e6 8. Bf4 Nd7 9. Qd2 Qb6 10. c3 O-O-O 11. d4 e5 12. dxe5 Nxe5 13. Qc1 Nxf3+ 14. gxf3 Bc5 15.
Bg3 Rhe8+ 16. Be2 0-1

[Event "Late-Titled-Tuesday-Blitz-August-29-2023"]
[Site "Chess.com"]
[Date "2023.08.29"]
[Round "3"]
[White "dretch"]
[Black "FedaMaster"]
[Result "1-0"]
[WhiteElo "2912"]
[BlackElo "2667"]
[TimeControl "180+1"]
[EndTime "14:22:54 PDT"]
[Termination "dretch won by resignation"]

1. d4 Nf6 2. c4 c5 3. d5 b5 4. Nf3 bxc4 5. Nc3 d6 6. e4 g6 7.
Bxc4 Bg7 8. O-O O-O 9. e5 Ng4 10.
e6 f5 11. h4 Ne5 12. Nxe5 dxe5 13. d6 Bb7 14. Bg5 Nc6 15. dxe7 Qxd1 16. exf8=Q+ Kxf8 17. Raxd1 Nd4 18. e7+ Ke8 19. Nb5 1-0

[Event "Late-Titled-Tuesday-Blitz-August-29-2023"]
[Site "Chess.com"]
[Date "2023.08.29"]
[Round "3"]
[White "adiosabu"]
[Black "Dzidzik2203"]
[Result "1-0"]
[WhiteElo "2585"]
[BlackElo "2353"]
[TimeControl "180+1"]
[EndTime "14:23:41 PDT"]
[Termination "adiosabu won by resignation"]

1. d4 Nf6 2. Nf3 g6 3. g3 Bg7 4.
Bg2 O-O 5. O-O d5 6. Ne5 c6 7. Nd2 Nfd7 8. f4 f6 9. Nd3 e5 10. dxe5 fxe5 11. e4 exf4 12. Nxf4 Nf6 13. exd5 cxd5 14.
Nb3 Nc6 15. Nxd5 Nxd5 16. Qxd5+ Qxd5 17. Bxd5+ Kh8 18. Rxf8+ Bxf8 19. Bg5 Bg7 20. Re1 Bf5 21. c3 Ne5 22. Nd4 Rd8 23. Bxd8 1-0

[Event "Late-Titled-Tuesday-Blitz-August-29-2023"]
[Site "Chess.com"]
[Date "2023.08.29"]
[Round "3"]
[White "Eternauta2400"]
[Black "Petukhov_Dmitry"]
[Result "1-0"]
[WhiteElo "2832"]
[BlackElo "2524"]
[TimeControl "180+1"]
[EndTime "14:24:13 PDT"]
[Termination "Eternauta2400 won by resignation"]

1. c4 e5 2. Nc3 Nf6 3. Nf3 Nc6 4. g3 Bb4 5. Bg2 Bxc3 6. dxc3 d6 7. O-O O-O 8. Qc2 Be6 9. b3 a5 10. a4 Ne7 11. Ng5 Bf5 12. e4 Bd7 13. f4 Bc6 14. f5 h6 15. Nh3 Kh8 16. Nf2 Neg8 17. g4 Nd7 18. Be3 f6 19. h4 b6 20. Bf3 Nc5 21. Kg2 Qe8 22. Rh1 g6 23. Rag1 gxf5 24. gxf5 Kh7 25. Kf1 Ne7 26. Qd1 Qf7 27. Bh5 1-0

[Event "Late-Titled-Tuesday-Blitz-August-29-2023"]
[Site "Chess.com"]
[Date "2023.08.29"]
[Round "3"]
[White "Kleyton_Lima"]
[Black "nassimzrikem"]
[Result "1-0"]
[WhiteElo "2524"]
[BlackElo "2146"]
[TimeControl "180+1"]
[EndTime "14:24:19 PDT"]
[Termination "Kleyton_Lima won by resignation"]

1. e4 e5 2. Nf3 Nc6 3. d4 exd4 4. Nxd4 Nf6 5. Nxc6 bxc6 6. e5 Qe7 7. Qe2 Nd5 8. c4 Nb6 9. Nc3 Qe6 10. Qe4 Ba6 11.
b3 Bb4 12. Bd2 O-O 13. Bd3 f5 14.
exf6 Qxe4+ 15. Nxe4 Bxd2+ 16. Kxd2 gxf6 17. Rhe1 d6 18. Rad1 Rae8 19. Nxf6+ Rxf6 20. Rxe8+ Kf7 21. Re2 d5 22.
Rde1 dxc4 23. Re7+ Kg8 24. Re8+ Kg7 25. R1e7+ Rf7 26. bxc4 Nxc4+ 27. Bxc4 Bxc4 28. a3 Bd5 29. Rxf7+ Kxf7 30. Rc8 Bxg2 31. Rxc7+ Ke6 32. Rxa7 h5 33. Ke3 h4 34. a4 h3 35. a5 c5 36. a6 1-0

[Event "Late-Titled-Tuesday-Blitz-August-29-2023"]
[Site "Chess.com"]
[Date "2023.08.29"]
[Round "3"]
[White "kinga2008"]
[Black "gshwbedhkhd"]
[Result "0-1"]
[WhiteElo "2409"]
[BlackElo "2583"]
[TimeControl "180+1"]
[EndTime "14:24:23 PDT"]
[Termination "gshwbedhkhd won by resignation"]

1. e4 c5 2. Nf3 e6 3. c3 Nf6 4. e5 Nd5 5. d4 cxd4 6. cxd4 d6 7.
Nc3 Nxc3 8. bxc3 Nd7 9. exd6 Bxd6 10. Bd3 b6 11. O-O Bb7 12. Re1 Rc8 13. Ng5 Nf6 14. Qa4+ Qd7 15. Qxa7 Qc7 16. Bb5+ Ke7 17. g3 Ra8 18.
Qxa8 Bxa8 19. Bb2 h6 20. Nh3 Qb7 0-1

[Event "Late-Titled-Tuesday-Blitz-August-29-2023"]
[Site "Chess.com"]
[Date "2023.08.29"]
[Round "3"]
[White "koziororo"]
[Black "Colombiano07"]
[Result "0-1"]
[WhiteElo "2584"]
[BlackElo "2443"]
[TimeControl "180+1"]
[EndTime "14:24:32 PDT"]
[Termination "Colombiano07 won by resignation"]

1. Na3 d5 2. e4 dxe4 3. d3 Nf6 4.
Bg5 Nbd7 5. Qd2 g6 6. O-O-O Bg7 7. h4 h6 8. Be3 c6 9. Nh3 Qc7 10. dxe4 Nxe4 11. Qb4 Nd6 12. Bd3 a5 13. Qd2 Nf6 14.
Nc4 Nd5 15. Bc5 O-O 16. h5 g5 17. f4 Nxc4 18. Bxc4 Nxf4 19. Nxf4 Qxf4 20. Qxf4 gxf4 21. Bxe7 Re8 22. Bd6 Bg4 23. Rde1 f3 24. Rxe8+ Rxe8 25. Rf1 Bxh5 26. gxf3 b5 27. Bd3 Bg6 28. a4 Bxd3 29.
cxd3 bxa4 30. Bc7 Re2 31. Bxa5 Bxb2+ 32. Kb1 a3 33. Rg1+ Kh7 34. Rg4 a2+ 35. Kxa2 Bc3+ 36. Kb3 Bxa5 37. Rc4 Re3 38. Rxc6 Rxd3+ 39. Kc4 Rc3+ 0-1

[Event "Late-Titled-Tuesday-Blitz-August-29-2023"]
[Site "Chess.com"]
[Date "2023.08.29"]
[Round "3"]
[White "Bauman_Guy"]
[Black "secretsuperstar7"]
[Result "1-0"]
[WhiteElo "2850"]
[BlackElo "2393"]
[TimeControl "180+1"]
[EndTime "14:24:37 PDT"]
[Termination "Bauman_Guy won by resignation"]

1. e4 c5 2. Nf3 e6 3. d4 cxd4 4. Nxd4 a6 5. Bd3 Qc7 6. O-O Nc6 7. Nxc6 dxc6 8. Nd2 e5 9. a4 b6 10. Nc4 Nf6 11. Be3 c5 12. f4 Ng4 13. Bd2 Be6 14. h3 Bxc4 15. Bxc4 Nf6 16. fxe5 Qxe5 17. Bc3 Qe7 18. e5 Nd7 19. Rxf7 Qd8 20. Qd5 Be7 21. Rxe7+ Qxe7 22. Qxa8+ 1-0

[Event "Late-Titled-Tuesday-Blitz-August-29-2023"]
[Site "Chess.com"]
[Date "2023.08.29"]
[Round "3"]
[White "bipe137"]
[Black "karinachess1"]
[Result "0-1"]
[WhiteElo "2420"]
[BlackElo "2591"]
[TimeControl "180+1"]
[EndTime "14:24:38 PDT"]
[Termination "karinachess1 won by resignation"]

1. d4 d6 2. c4 g6 3. Nf3 Bg7 4.
Nc3 e5 5. e4 Nc6 6. d5 Nd4 7. Be2 Ne7 8. Be3 c5 9. dxc6 Nexc6 10.
Nd5 O-O 11. O-O f5 12. Bg5 Qd7 13. Nxd4 Nxd4 14. exf5 gxf5 15. Bh5 b6 16. Qd3 Bb7 17. Ne7+ Kh8 18. Qh3 Bf6 19. Bg6 Qxe7 20. Bxf6+ Rxf6 0-1

[Event "Late-Titled-Tuesday-Blitz-August-29-2023"]
[Site "Chess.com"]
[Date "2023.08.29"]
[Round "3"]
[White "FeketeBarika"]
[Black "Mikhail_Golubev"]
[Result "0-1"]
[WhiteElo "2354"]
[BlackElo "2558"]
[TimeControl "180+1"]
[EndTime "14:24:47 PDT"]
[Termination "Mikhail_Golubev won by resignation"]

1. Nf3 d6 2. g3 g6 3. c4 Bg7 4. Nc3 e5 5. Bg2 Nc6 6. O-O f5 7. d3 h6 8. a3 a5 9. Rb1 g5 10.
b4 axb4 11. axb4 e4 12. dxe4 Bxc3 13. exf5 Bxf5 14. Qd5 Bxb1 15. Bxg5 hxg5 16. Nxg5 Qf6 17. Rxb1 Nge7 18. Qb5 O-O 19. Ne4 Qe5 20. Qxb7 d5 21.
cxd5 Rfb8 22. dxc6 Rxb7 23. cxb7 Rd8 24. Nc5 c6 25.
Na6 Qb5 0-1

[Event "Late-Titled-Tuesday-Blitz-August-29-2023"]
[Site "Chess.com"]
[Date "2023.08.29"]
[Round "3"]
[White "matagordo"]
[Black "MarcoRiehle"]
[Result "0-1"]
[WhiteElo "2197"]
[BlackElo "2836"]
[TimeControl "180+1"]
[EndTime "14:24:49 PDT"]
[Termination "MarcoRiehle won by resignation"]

1. d4 d5 2. Bf4 h5 3. Nf3 e6 4. e3 c5 5. Nbd2 Bd6 6. Ne5 g5 7. Bg3 h4 8. Nxf7 Kxf7 9. Qf3+ Nf6 10. Be5 Nc6 11. Bb5 Nxe5 12. dxe5 Bxe5 13. O-O-O Qb6 14. c4 a6 15. cxd5 Qxb5 16. dxe6+ Bxe6 17. b3 g4 0-1

[Event "Late-Titled-Tuesday-Blitz-August-29-2023"]
[Site "Chess.com"]
[Date "2023.08.29"]
[Round "3"]
[White "Arystanner"]
[Black "vincentmasuka"]
[Result "1-0"]
[WhiteElo "2854"]
[BlackElo "2609"]
[TimeControl "180+1"]
[EndTime "14:24:50 PDT"]
[Termination "Arystanner won by resignation"]

1. d4 Nf6 2. c4 g6 3. Nc3 Bg7 4.
Nf3 d6 5. g3 O-O 6. Bg2 Nc6 7.
O-O a6 8. Bf4 Rb8 9. Rc1 b5 10. cxb5 axb5 11. d5 e5 12. dxe6 Bxe6 13. Ng5 Bd7 14. Nd5 Nxd5 15. Bxd5 Ne5 16. Qb3 Nc4 17. Bxc4 bxc4 18. Qxc4 Rxb2 19. Qxc7 Rxa2 20. Bxd6 Qxc7 21. Rxc7 Rd8 22. Be7 Raa8 23. Bxd8 Rxd8 24. Rd1 1-0

[Event "Late-Titled-Tuesday-Blitz-August-29-2023"]
[Site "Chess.com"]
[Date "2023.08.29"]
[Round "3"]
[White "laskakid"]
[Black "TC2304"]
[Result "0-1"]
[WhiteElo "2169"]
[BlackElo "2401"]
[TimeControl "180+1"]
[EndTime "14:24:50 PDT"]
[Termination "TC2304 won by resignation"]

1. d4 d5 2. c4 c6 3. Nf3 Nf6 4.
Nc3 a6 5. c5 Bf5 6. Qb3 Ra7 7.
h3 Nbd7 8. Bf4 e6 9. e3 Be7 10. Be2 O-O 11. O-O h6 12. Rac1 Ne4 13. Nxe4 Bxe4 14.
Nd2 Bg6 15. Bd3 Bxd3 16. Qxd3 Bf6 17. Bd6 Be7 18. Bxe7 Qxe7 19. e4 dxe4 20. Nxe4 e5 21. Nd6 exd4 22. Qxd4 Qf6 23. Qd2 Rd8 24. b4 a5 25. a3 axb4 26. axb4 Ne5 27. Rfe1 Ra3 28.
Qb2 Nf3+ 29. gxf3 Qxb2 0-1

[Event "Late-Titled-Tuesday-Blitz-August-29-2023"]
[Site "Chess.com"]
[Date "2023.08.29"]
[Round "3"]
[White "fastestmindalive"]
[Black "Rud_Makarian"]
[Result "0-1"]
[WhiteElo "2741"]
[BlackElo "3012"]
[TimeControl "180+1"]
[EndTime "14:25:11 PDT"]
[Termination "Rud_Makarian won by resignation"]

1. e4 c5 2. Nc3 Nc6 3. f4 g6 4.
Nf3 Bg7 5. Bb5 Nd4 6. a4 e6 7.
Nxd4 cxd4 8. Ne2 Ne7 9. c3 a6 10.
Bd3 Nc6 11. b4 O-O 12. h4 f5 13. h5 fxe4 14. Bxe4 d5 15. Bb1 e5 16. hxg6 e4 17.
Rxh7 Qf6 18. Qb3 Qxg6 19. Qxd5+ Kxh7 20. Bxe4 Bf5 21. Bf3 Rad8 22. Qb3 d3 0-1

[Event "Late-Titled-Tuesday-Blitz-August-29-2023"]
[Site "Chess.com"]
[Date "2023.08.29"]
[Round "3"]
[White "Matibar"]
[Black "Chessdemon2019"]
[Result "1-0"]
[WhiteElo "2847"]
[BlackElo "2384"]
[TimeControl "180+1"]
[EndTime "14:25:16 PDT"]
[Termination "Matibar won by resignation"]

1. e4 e6 2. Qe2 c5 3. Nf3 g6 4. c3 Bg7 5. d4 d6 6. dxc5 dxc5 7. Be3 b6 8. Na3 Ba6 9. Qc2 Bxf1 10. Rxf1 Ne7 11.
Rd1 Qc7 12. Nb5 Qc6 13. Nd6+ Kf8 14. Ng5 Nc8 15. Ndxf7 Nd7 16. Nd8 Qb5 17. a4 Qc4 18. Rxd7 Ne7 19. Ndxe6+ Ke8 20. Qd1 Bxc3+ 21. bxc3 Qxc3+ 22.
Ke2 Qc4+ 23. Kf3 Rf8+ 24. Nxf8 Kxf8 25. Qd6 Re8 26. Qf6+ Kg8 27. Rxe7 Rf8 28. Rf7 Rxf7 29. Qxf7+ Qxf7+ 30. Nxf7 Kxf7 1-0

[Event "Late-Titled-Tuesday-Blitz-August-29-2023"]
[Site "Chess.com"]
[Date "2023.08.29"]
[Round "3"]
[White "jk13"]
[Black "MelihKaanCan"]
[Result "1-0"]
[WhiteElo "2670"]
[BlackElo "2448"]
[TimeControl "180+1"]
[EndTime "14:25:17 PDT"]
[Termination "jk13 won by resignation"]

1. e4 c5 2. c3 d5 3. exd5 Nf6 4. d4 cxd4 5. Nf3 Nxd5 6. Nxd4 g6 7. Bc4 Bg7 8. O-O O-O 9. Nd2 Nc6 10. N2f3 Bg4 11.
Nxc6 bxc6 12. h3 Bxf3 13. Qxf3 Rb8 14. Qe2 e6 15. Bb3 Qc7 16. g3 a5 17. Qe4 Ra8 18. Ba4 Rfd8 19. Bg5 Rdb8 20. Rab1 h6 21. Bd2 f5 22. Qxe6+ Kh7 23. Qxc6 Qxc6 24. Bxc6 1-0

[Event "Late-Titled-Tuesday-Blitz-August-29-2023"]
[Site "Chess.com"]
[Date "2023.08.29"]
[Round "3"]
[White "MFatigue"]
[Black "Anton_Demchenko"]
[Result "0-1"]
[WhiteElo "2510"]
[BlackElo "2920"]
[TimeControl "180+1"]
[EndTime "14:25:18 PDT"]
[Termination "Anton_Demchenko won by resignation"]

1. e4 e5 2. Nf3 Nc6 3. d4 exd4 4. Bc4 Nf6 5. O-O Nxe4 6. Re1 d5 7. Bxd5 Qxd5 8. Nc3 Qd8 9. Rxe4+ Be7 10. Nxd4 f5 11.
Rf4 O-O 12. Nxc6 Qxd1+ 13. Nxd1 bxc6 14. Ra4 c5 15. Be3 a5 16. Nc3 Bd7 17. Rc4 Be6 18.
Ra4 Rfb8 19. b3 c4 20. bxc4 Bf6 21. Bd2 Rb4 22. Re1 Bxc3 23. Rxb4 Bxd2 0-1

[Event "Late-Titled-Tuesday-Blitz-August-29-2023"]
[Site "Chess.com"]
[Date "2023.08.29"]
[Round "3"]
[White "Onthequiet"]
[Black "PawnEatingZombie"]
[Result "1-0"]
[WhiteElo "2377"]
[BlackElo "2092"]
[TimeControl "180+1"]
[EndTime "14:25:30 PDT"]
[Termination "Onthequiet won by resignation"]

1. d4 Nf6 2. Nf3 c5 3. d5 b5 4. c4 Bb7 5. a4 b4 6. Nbd2 d6 7. g3 g6 8. Bg2 Bg7 9. O-O O-O 10. e4 Nfd7 11. Re1 Na6 12. Rb1 Nc7 13. b3 e5 14.
Nh4 Qe7 15. Bh3 Rad8 16. Nf1 Bc8 17. Ne3 a5 18. Bd2 Nb6 19. Bxc8 Nxc8 20. Kg2 Bf6 21. Nf3 Ne8 22. h4 Ng7 23. Ng4 h5 24. Nxf6+ Qxf6 25. Bg5 1-0

[Event "Late-Titled-Tuesday-Blitz-August-29-2023"]
[Site "Chess.com"]
[Date "2023.08.29"]
[Round "3"]
[White "pedromartinez91"]
[Black "kleinebeer98"]
[Result "0-1"]
[WhiteElo "2496"]
[BlackElo "2755"]
[TimeControl "180+1"]
[EndTime "14:25:37 PDT"]
[Termination "kleinebeer98 won by resignation"]

1. e4 e5 2. Nf3 Nc6 3. Bb5 f5 4.
d3 fxe4 5. dxe4 Nf6 6. Qd3 d6 7. Nc3 Be7 8. Qc4 Qd7 9. Nd5 a6 10. Bxc6 bxc6 11. Nxe7 Kxe7 12. Be3 c5 13. Nd2 Qb5 14.
f3 Be6 15. Qc3 a5 16. a4 Qa6 17. b3 Rhf8 18. O-O-O Kf7 19. f4 exf4 20. Bxf4 Kg8 21. Rhf1 Ng4 22. Bg3 c4 23. Rxf8+ Rxf8 24. Nxc4 Bxc4 25.
Qxc4+ Qxc4 26. bxc4 Ne3 27. Rd4 Nxg2 28. e5 dxe5 29. Bxe5 Ne3 30. Rd7 Rf1+ 31. Kd2 Nxc4+ 32. Kc3 Nxe5 33. Rxc7 Rf4 34. Rc8+ Kf7 0-1

[Event "Late-Titled-Tuesday-Blitz-August-29-2023"]
[Site "Chess.com"]
[Date "2023.08.29"]
[Round "3"]
[White "Fleetw00dMac"]
[Black "promen1999"]
[Result "0-1"]
[WhiteElo "2467"]
[BlackElo "2854"]
[TimeControl "180+1"]
[EndTime "14:25:41 PDT"]
[Termination "promen1999 won by resignation"]

1. d4 d5 2. c4 dxc4 3. e3 a6 4. Bxc4 b5 5. Bd3 Bb7 6. Nf3 e6 7. O-O Nf6 8. a4 b4 9. a5 Nbd7 10. Nbd2 c5 11. Nb3 cxd4 12. exd4 Bd6 13. Qe2 O-O 14. Bd2 h6 15. Rfe1 Bd5 16. Bc4 Qb8 17.
h3 Rc8 18. Rec1 Qb7 19. Be3 Rc7 20. Bxd5 Qxd5 21. Rxc7 Bxc7 22. Nfd2 Bd8 23. Rc1 Bxa5 24. Qc4 Bd8 25. Qxb4 a5 26. Qc4 Rb8 27. Qxd5 Nxd5 28.
Rc4 f5 29. g3 g5 0-1

[Event "Late-Titled-Tuesday-Blitz-August-29-2023"]
[Site "Chess.com"]
[Date "2023.08.29"]
[Round "3"]
[White "RCone"]
[Black "kingofthenil"]
[Result "0-1"]
[WhiteElo "2450"]
[BlackElo "2658"]
[TimeControl "180+1"]
[EndTime "14:25:45 PDT"]
[Termination "kingofthenil won on time"]

1. e4 c5 2. Nc3 d6 3. f4 g6 4. Nf3 Bg7 5. Bb5+ Nd7 6. d3 Nh6 7.
O-O O-O 8. Bxd7 Qxd7 9. f5 gxf5 10. exf5 Nxf5 11. Ng5 h6 12. Nge4 d5 13. Nxc5 Bd4+ 14.
Kh1 Bxc5 15. Qh5 Bd4 16. Bxh6 Nxh6 17. Qxh6 Bg7 18. Qg5 Qg4 19. Qxe7 Be6 20. Rf3 Rae8 21. Qc7 Rc8 22. Qxb7 Rb8 23. Qxa7 Qd4 24. Qc7 Rxb2 25. Ne2 Rxc2 26. Qxc2 Qxa1+ 27. Ng1 Bd4 28. Rg3+ Kh8 0-1

[Event "Late-Titled-Tuesday-Blitz-August-29-2023"]
[Site "Chess.com"]
[Date "2023.08.29"]
[Round "3"]
[White "emiliocordova"]
[Black "jup1978"]
[Result "1-0"]
[WhiteElo "2857"]
[BlackElo "2501"]
[TimeControl "180+1"]
[EndTime "14:25:46 PDT"]
[Termination "emiliocordova won by checkmate"]

1. e4 e6 2. Nc3 d5 3. Nf3 Nf6 4. e5 Nfd7 5. Ne2 c5 6. Ng3 Nc6 7. Bb5 Qc7 8. Qe2 Be7 9. O-O O-O 10. Re1 a6 11. Bxc6 Qxc6 12. d3 b5 13. Qe3 d4 14. Qf4 Bb7 15. Qg4 Rfe8 16. Bh6 g6 17. h4 f5 18. Qf4 Bf8 19. h5 Re7 20. Nh4 Bxh6 21. Qxh6 Nf8 22. f3 Rg7 23. Qg5 h6 24.
Qxh6 g5 25. Ng6 Nxg6 26. hxg6 g4 27. Nh5 gxf3 28. Nf6+ Kf8 29. Qh8+ Ke7 30. Qxg7+ Kd8 31. gxf3 Qxf3 32. Qd7# 1-0

[Event "Late-Titled-Tuesday-Blitz-August-29-2023"]
[Site "Chess.com"]
[Date "2023.08.29"]
[Round "3"]
[White "ATM622"]
[Black "valemava"]
[Result "0-1"]
[WhiteElo "2459"]
[BlackElo "2323"]
[TimeControl "180+1"]
[EndTime "14:25:46 PDT"]
[Termination "valemava won by resignation"]

1. d4 c6 2. c4 b5 3. cxb5 cxb5 4. e3 Bb7 5. Nf3 a6 6. a4 b4 7.
Bc4 e6 8. O-O Nf6 9. Nbd2 Be7 10. Re1 O-O 11. e4 d5 12. Bd3 dxe4 13. Nxe4 Nbd7 14.
Bf4 Nxe4 15. Bxe4 Bxe4 16. Rxe4 Nf6 17. Re1 Nd5 18. Bg3 h6 19. Rc1 Rc8 20. Ne5 Bg5 21. Rxc8 Qxc8 22. h4 Bf6 23. Qd2 Bxe5 24. Bxe5 Qc6 25.
Qd1 Rc8 26. Qg4 f6 27. Bg3 Re8 28. h5 Nb6 29. b3 Qd5 30. Bc7 Nd7 31. Qg6 Rc8 32. Bf4 Nf8 33. Qg3 Rc3 34. Re3 Qxb3 35.
Bxh6 Qd1+ 36. Kh2 Qxh5+ 37. Kg1 Rc1+ 0-1

[Event "Late-Titled-Tuesday-Blitz-August-29-2023"]
[Site "Chess.com"]
[Date "2023.08.29"]
[Round "3"]
[White "Durarbayli"]
[Black "Machteld145"]
[Result "1-0"]
[WhiteElo "2904"]
[BlackElo "2502"]
[TimeControl "180+1"]
[EndTime "14:25:49 PDT"]
[Termination "Durarbayli won by resignation"]

1. e4 c5 2. Nf3 e6 3. d4 cxd4 4. Nxd4 Nf6 5. Nc3 Nc6 6. g3 Qc7 7. Bg2 a6 8. O-O Be7 9. Re1 O-O 10. Nxc6 bxc6 11. e5 Nd5 12. Qg4 f5 13. exf6 Bxf6 14. Ne4 Qa7 15. c4 Bd4 16. cxd5 Bxf2+ 17. Kh1 Bxe1 18.
Bh6 Qd4 19. Rd1 Qxb2 20. dxe6 d5 21. Be3 Qc2 22. Bd4 Rf1+ 23. Bxf1 Qxe4+ 24. Qxe4 dxe4 25. Bc4 Kf8 1-0

[Event "Late-Titled-Tuesday-Blitz-August-29-2023"]
[Site "Chess.com"]
[Date "2023.08.29"]
[Round "3"]
[White "jefferyx"]
[Black "lamomiajunior"]
[Result "1/2-1/2"]
[WhiteElo "3021"]
[BlackElo "2753"]
[TimeControl "180+1"]
[EndTime "14:25:53 PDT"]
[Termination "Game drawn by repetition"]

1. e4 c6 2. Nf3 d5 3. d3 g6 4. e5 Bg7 5. d4 f6 6. Be2 Bg4 7. Nbd2 Nd7 8. exf6 Ngxf6 9. O-O O-O 10. Ng5 Bf5 11. Bd3 Bxd3 12. cxd3 Qc8 13. Ne6 Rf7 14. Ng5 Rf8 15. Ne6 Rf7 16. Nxg7 Kxg7 17. Re1 Qc7 18. Nf3 h6 19. Bd2 Raf8 20. Rc1 Ng4 21. h3 Nxf2 22. Kxf2 Rxf3+ 23. gxf3 Qh2+ 24. Ke3 Qf4+ 25. Kf2 Qh2+ 26. Ke3 Qf4+ 27. Kf2 Qh2+ 1/2-1/2

[Event "Late-Titled-Tuesday-Blitz-August-29-2023"]
[Site "Chess.com"]
[Date "2023.08.29"]
[Round "3"]
[White "Jojo_898"]
[Black "Mariia89"]
[Result "1-0"]
[WhiteElo "2366"]
[BlackElo "1967"]
[TimeControl "180+1"]
[EndTime "14:25:54 PDT"]
[Termination "Jojo_898 won by checkmate"]

1. e4 c6 2. d4 d5 3. Nc3 dxe4 4. Nxe4 Nf6 5. Ng3 h5 6. h4 c5 7. c3 cxd4 8. cxd4 Nc6 9. Be3 Nd5 10. Bg5 Qb6 11. Nf3 Bg4 12. Be2 e6 13. O-O Bd6 14. Ne4 Bf8 15. Be3 Be7 16. b3 O-O 17. Rc1 a5 18.
Nfg5 Bxe2 19. Qxe2 g6 20. Rfd1 a4 21. bxa4 Rxa4 22.
Rd2 Ra3 23. Nc5 Rfa8 24. Qf3 Bxc5 25. Qxf7+ Kh8 26. Qh7# 1-0

[Event "Late-Titled-Tuesday-Blitz-August-29-2023"]
[Site "Chess.com"]
[Date "2023.08.29"]
[Round "3"]
[White "maurovargas01"]
[Black "ToddBryant"]
[Result "0-1"]
[WhiteElo "1891"]
[BlackElo "2364"]
[TimeControl "180+1"]
[EndTime "14:25:54 PDT"]
[Termination "ToddBryant won by resignation"]

1. e4 c5 2. Nc3 d6 3. f4 g6 4. Nf3 Bg7 5. Bb5+ Bd7 6. Bxd7+ Qxd7 7. O-O Nc6 8. d3 Nf6 9. Nd5 Nxd5 10. exd5 Nd4 11. Ng5 h6 12. Ne4 O-O 13. c3 Nb5 14.
Qe1 Nc7 15. c4 e6 16. dxe6 fxe6 17. Qh4 d5 18. Nxc5 Bd4+ 19. Kh1 Bxc5 20. Qxh6 Qh7 21. Qg5 Rf5 22. Qg3 Raf8 23. Bd2 e5 24. cxd5 Nxd5 25.
Rac1 Bb6 26. Bb4 Nxb4 27. Qf3 Rxf4 28. d4 Rxf3 29. Rxf3 Rxf3 30. gxf3 Bxd4 0-1

[Event "Late-Titled-Tuesday-Blitz-August-29-2023"]
[Site "Chess.com"]
[Date "2023.08.29"]
[Round "3"]
[White "ozates"]
[Black "sorch29"]
[Result "0-1"]
[WhiteElo "2557"]
[BlackElo "2415"]
[TimeControl "180+1"]
[EndTime "14:26:02 PDT"]
[Termination "sorch29 won by resignation"]

1. e4 c5 2. Nf3 Nc6 3. d4 cxd4 4. Nxd4 Nf6 5. Nc3 d6 6. Be2 e5 7. Nb3 Be7 8. O-O O-O 9. f3 a5 10. a4 Nb4 11. Nd5 Nfxd5 12. exd5 Bf5 13. Bd3 Nxd3 14.
cxd3 Qb6+ 15. Kh1 Rfc8 16. f4 exf4 17. Bxf4 Bg6 18. Bg3 Bf6 19. h4 h5 20. Nd2 Bxd3 21. Rxf6 gxf6 22. Qxh5 Qxb2 23. Qg4+ Bg6 24. Rd1 Rc1 25. h5 Qxd2 26. Rxc1 Qxc1+ 27. Kh2 Qh6 0-1